 Dungeon Crawl Stone Soup version 0.31-a0-818-ge7c7cf74f0 (webtiles) character file.

Game seed: 10764449303885929590

1700 javelincjr the Sneak (level 9, -2/51 HPs)
             Began as an Octopode Conjurer on Sept 22, 2023.
             Was a Believer of the Shining One.
             Succumbed to a kobold brigand's curare-tipped dart
             ... on level 6 of the Dungeon.
             The game lasted 00:24:20 (6375 turns).

javelincjr the Sneak (Octopode Conjurer)            Turns: 6375, Time: 00:24:21

Health: -2/51      AC:  1    Str:  7    XL:     9   Next: 3%
Magic:  6/17       EV: 13    Int: 24    God:    the Shining One [**....]
Gold:   234        SH: 11    Dex: 10    Spells: 16/19 levels left

rFire   + + .        e - +4 dagger (venom)
rCold   x . .        q - +2 buckler
rNeg    + . .        (helmet restricted)
rPois   .            y - amulet of reflection
rElec   .            b - ring of fire
rCorr   .            g - ring of fire
SInv    .            m - ring of protection from cold
Will    .....        (no ring)
Stlth   ++           (no ring)
HPRegen 0.28/turn    (no ring)
MPRegen 0.15/turn    (no ring)
                     (no ring)

%: reflection
@: lethally poisoned (-2 -> -37), slowed, glowing, very slow
A: almost no armour, amphibious, 8 rings, camouflage 1, gelatinous body 1,
(nimble swimmer 1), tentacles
a: Renounce Religion, Divine Shield


You were on level 6 of the Dungeon.
You worshipped the Shining One.
The Shining One was pleased with you.
You visited 1 branch of the dungeon, and saw 6 of its levels.

You collected 234 gold pieces.

Inventory:

Hand Weapons
 e - a +4 dagger of venom (weapon)
Missiles
 c - 2 throwing nets
 t - 3 boomerangs
 v - 4 poisoned darts
 z - 6 curare-tipped darts
Armour
 q - a +2 buckler (worn)
Jewellery
 b - a ring of fire (left tentacle)
 g - a ring of fire (right tentacle)
 m - a ring of protection from cold (on tentacle)
 y - an amulet of reflection (around mantle)
Wands
 k - a wand of iceblast (12)
 p - a wand of flame (19)
Scrolls
 f - 2 scrolls of poison
 h - a scroll of fear {unknown}
 i - 2 scrolls of immolation
 n - a scroll of fog {unknown}
 o - 3 scrolls of vulnerability {unknown}
 r - a scroll of amnesia {unknown}
 s - 2 scrolls of enchant armour {unknown}
 w - a scroll of brand weapon {unknown}
Potions
 a - 2 potions of magic
 d - a potion of mutation {unknown}
 j - a potion of brilliance
 l - a potion of attraction
 u - a potion of ambrosia {unknown}
 x - a potion of invisibility {unknown}


   Skills:
 + Level 4.9 Dodging
 + Level 7.0 Stealth
 + Level 3.6 Shields
 * Level 5.5 Spellcasting
 + Level 6.0 Conjurations
 + Level 3.9 Invocations


You had 16 spell levels left.
You knew the following spells:

 Your Spells              Type           Power      Damage    Failure   Level
a - Magic Dart            Conj           100%       1d8       1%          1
b - Searing Ray           Conj           70%        2d7       1%          2

Your spell library contained the following spells:

 Spells                   Type           Power      Damage    Failure   Level
 Momentum Strike          Conj/Tloc      42%        3d9       6%          2
 Dazzling Flash           Conj/Hex       42%        N/A       12%         3
 Blink                    Tloc           12%        N/A       21%         2
 Ensorcelled Hibernation  Hex/Ice        12%        N/A       21%         2
 Lesser Beckoning         Tloc           12%        N/A       21%         2
 Passwall                 Tmut/Erth      5%         N/A       21%         2
 Gell's Gravitas          Tloc           6%         N/A       36%         3
 Ignite Poison            Fire/Tmut/Pois 14%        N/A       36%         3
 Swiftness                Air            6%         N/A       36%         3
 Teleport Other           Tloc           6%         N/A       36%         3
 Fulminant Prism          Conj/Hex       10%        3d8       36%         4
 Iskenderun's Mystic Bla  Conj/Tloc      21%        2d6       36%         4
 Sticky Flame             Conj/Fire      47%        2d6       36%         4
 Manifold Assault         Tloc           6%         N/A       78%         4
 Dispersal                Tloc           3%         N/A       100%        6
 Ignition                 Fire           7%         3d4       100%        8


Dungeon Overview and Level Annotations

Branches:
Dungeon (6/15)             Temple (0/1) D:4

Altars:
Hepliaklqana
Makhleb
Uskayaw
The Shining One

Shops:
D:1 [   D:4 :


Innate Abilities, Weirdness & Mutations

You cannot wear most types of armour.
You are amphibious.
You can wear up to eight rings at the same time.
Your skin changes colour to match your surroundings (Stealth+).
Your rubbery body absorbs attacks. (AC +1, EV +1)
((You are camouflaged when in or above water. (Stealth+)))
You have tentacles for arms and can constrict up to eight enemies at once.


Message History

Aim: a kobold, wielding a +2 short sword of speed and quivering stones (76% to hit)
The searing ray misses the kobold. (Press . to maintain the ray.)
The searing ray hits the kobold!
You kill the kobold!
The magic dart hits the kobold brigand.
The kobold brigand is moderately wounded.
The kobold brigand shouts!
The magic dart hits the kobold brigand.
The kobold brigand is moderately wounded.
The kobold brigand throws a curare-tipped dart.
The curare-tipped dart hits you.
You are poisoned.
You have difficulty breathing.
You feel yourself slow down.
The magic dart hits the kobold brigand.
The kobold brigand is severely wounded.
You feel very sick.
The magic dart hits the kobold brigand but does no damage.
The kobold brigand is heavily wounded.
You feel very sick.
The kobold brigand throws a curare-tipped dart.
The curare-tipped dart hits you.
You are more poisoned.
You have difficulty breathing.
You feel as though you will be slow longer.
You are too injured to fight recklessly!
You feel extremely sick.
The kobold brigand throws a curare-tipped dart.
The curare-tipped dart hits you.
You are lethally poisoned!
You have difficulty breathing.
* * * LOW HITPOINT WARNING * * *
You feel as though you will be slow longer.
The kobold brigand throws a curare-tipped dart.
The curare-tipped dart hits you.
You are more poisoned.
You have difficulty breathing.
* * * LOW HITPOINT WARNING * * *
You feel as though you will be slow longer.
You die...

..# #<# #### #)# ...# # #..
##.#.# #.# ##.#.# #K# .....#
#)# ##.### #@# ##.###### #.#
........# #.# ##.#.#..# #.#
########..
#.#.#..########.###.........
#.#.................######.#
..#.#..########.#####
####.#..########.#####.# #
#.#...†.............#


You could see a kobold brigand.

Vanquished Creatures
  An acid dragon (D:6)
  An ice beast (D:5)
  2 black bears (D:6)
  An ogre (D:5)
  3 phantoms
  A bullfrog (D:6)
  4 scorpions
  2 howler monkeys
  A jelly (D:6)
  4 hounds
  A gnoll bouda (D:4)
  2 orc priests
  2 iguanas
  A sleepcap (D:5)
  2 orc wizards
  9 gnolls
  7 adders
  A white imp (D:6)
  2 ufetubi
  A worm (D:4)
  3 dart slugs
  13 orcs
  7 ball pythons
  11 endoplasms
  2 giant cockroaches
  7 goblins
  7 hobgoblins
  2 jackals (D:3)
  3 quokkas
  6 bats
  A frilled lizard (D:1)
  10 kobolds
  4 rats
124 creatures vanquished.

Notes
Turn   | Place    | Note
-------+----------+-------------------------------------------
     0 | D:1      | javelincjr the Octopode Conjurer began the quest for the
                  | Orb.
     0 | D:1      | Reached XP level 1. HP: 11/11 MP: 3/3
    97 | D:1      | Found Seoziv's Antique Armour Emporium.
   125 | D:1      | Found a faded altar of an unknown god.
   129 | D:1      | Prayed at the altar of an unknown god.
   129 | D:1      | Became a worshipper of the Shining One
   129 | D:1      | Reached * piety under the Shining One
   203 | D:1      | Reached skill level 3 in Stealth
   203 | D:1      | Reached XP level 2. HP: 17/17 MP: 3/5
   555 | D:1      | Reached XP level 3. HP: 21/21 MP: 2/6
  1204 | D:2      | Reached XP level 4. HP: 27/27 MP: 0/8
  1207 | D:2      | Learned a level 2 spell: Searing Ray
  2114 | D:3      | Reached skill level 4 in Stealth
  2545 | D:3      | Noticed a scorpion
  2555 | D:3      | Killed a scorpion
  2556 | D:3      | Reached XP level 5. HP: 13/31 MP: 1/9
  2908 | D:4      | Reached ** piety under the Shining One
  2912 | D:4      | Reached skill level 1 in Invocations
  2934 | D:4      | Reached skill level 1 in Shields
  3004 | D:4      | Reached XP level 6. HP: 31/36 MP: 4/10
  3385 | D:4      | Reached skill level 5 in Conjurations
  3461 | D:4      | Reached skill level 5 in Stealth
  3537 | D:4      | Reached XP level 7. HP: 37/41 MP: 7/12
  4084 | D:4      | Found a burning altar of Makhleb.
  4220 | D:4      | Found a staircase to the Ecumenical Temple.
  4253 | D:4      | Found Jairaec's Self-Improvement Boutique.
  4337 | D:5      | Entered Level 5 of the Dungeon
  4486 | D:5      | Found a hazy altar of Hepliaklqana.
  4785 | D:5      | Reached XP level 8. HP: 30/46 MP: 7/14
  4988 | D:5      | Reached skill level 6 in Stealth
  5169 | D:5      | Found a hide-covered altar of Uskayaw.
  5369 | D:5      | Identified the +1 robe of Yredelemnul {rC+ Will- MP+9
                  | Archmagi}
  5751 | D:6      | Reached skill level 5 in Spellcasting
  6173 | D:6      | Reached XP level 9. HP: 51/51 MP: 12/17
  6270 | D:6      | Reached skill level 7 in Stealth
  6375 | D:6      | Succumbed to a kobold brigand's curare-tipped dart

Illustrated notes

Levels and vault maps discovered:
D:1:      spicycebolla_arrival_clurvy, layout_rooms, serial_shops,
          nicolae_shop_getting_attention,
          shapermc_ecumenical_altar_mp_urbaneastern
D:2:      layout_loops_corners
D:3:      layout_loops_cross, amethyst_killhole, wad_floor_pattern_untrapped
D:4:      layout_cave_pools, mainiacjoe_overflow_paths,
          minmay_temple_entry_ruins, nicolae_shop_self_help
D:5:      layout_basic, nicolae_overflow_crystal_walls,
          mainiacjoe_overflow_six_doors_small,
          amcnicky_mini_rare_corridor_liquid
D:6:      layout_loops_ring

Skill      XL: |  1  2  3  4  5  6  7  8  9 |
---------------+----------------------------+-----
Stealth        | 3 4 5 6 7 |  7.0
Dodging        | 3 4 |  4.9
Spellcasting   | 3 4 5 |  5.5
Invocations    | 1 2 3 |  3.9
Shields        | 1 2 3 |  3.6
Conjurations   | 5 6 |  6.0

Action                     |  1- 3 |  4- 6 |  7- 9 || total
---------------------------+-------+-------+-------++-------
  Melee: Unarmed           |    17 |       |       ||    17
         Constrict         |    10 |     9 |    10 ||    29
         Tentacles         |     8 |     8 |    20 ||    36
         Dagger            |     8 |    24 |    51 ||    83
         Punch             |       |     1 |     1 ||     2
   Cast: Magic Dart        |    50 |    48 |    83 ||   181
         Searing Ray       |       |    11 |    22 ||    33
    Use: Scroll            |       |     5 |     2 ||     7
 Armour: Skin              |    12 |    22 |    33 ||    67
  Dodge: Dodged            |    11 |    17 |    34 ||    62
  Block: Buckler           |       |     8 |    40 ||    48

Table legend: (Time is in decaauts)
 A = Elapsed time spent in this place.
 B = Non-inter-level travel time spent in this place.
 C = Inter-level travel time spent in this place.
 D = Time resting spent in this place.
 E = Time spent auto-exploring this place.
 F = Levels seen in this place.
 G = Mean time per level.
                   A        B        C        D        E       F      G
               +--------+--------+--------+--------+--------+-----+--------+
         Total |   6386 |   6203 |    183 |    524 |   4818 |   6 | 1064.3 |
       Dungeon |   6386 |   6203 |    183 |    524 |   4818 |   6 | 1064.3 |
               +--------+--------+--------+--------+--------+-----+--------+

Top non-repeatable levels by time:
     D:5: 1614 daAuts
     D:3: 1436 daAuts
     D:4: 1078 daAuts
     D:2: 987 daAuts
     D:1: 838 daAuts
     D:6: 430 daAuts
